 Dungeon Crawl Stone Soup version 0.23.2-33-g5129a83184 (webtiles) character file.

Game seed: 8394625172969781357

16 lepoulpe303 the Skirmisher (level 2, -1/24 HPs)
             Began as a Demonspawn Monk on July 21, 2019.
             Killed from afar by an orc wizard (3 damage)
             ... with a puff of flame
             ... on level 2 of the Dungeon on July 22, 2019.
             The game lasted 00:04:33 (827 turns).

lepoulpe303 the Skirmisher (Demonspawn Monk)         Turns: 827, Time: 00:04:34

Health: -1/24      AC: 10    Str: 11    XL:     2   Next: 37%
Magic:  2/2        EV: 11    Int: 11    God:
Gold:   42         SH:  0    Dex: 20    Spells: 1/1 levels left

rFire    . . .     SeeInvis .   a - +0 falchion
rCold    . . .     Gourm    .   (no shield)
rNeg     . . .     Faith    .   g - +0 chain mail
rPois    .         Spirit   .   (no helmet)
rElec    .         Reflect  .   (no cloak)
rCorr    .         Harm     .   (no gloves)
MR       .....                  (no boots)
Stlth    ..........             (no amulet)
HPRegen  0.08/turn              (no ring)
MPRegen  0.08/turn              (no ring)

@: agile
A: molten scales 1
a: no special abilities


You were on level 2 of the Dungeon.
You were not hungry.

You visited 1 branch of the dungeon, and saw 2 of its levels.

You collected 42 gold pieces.

Inventory:

Hand Weapons
 a - a +0 falchion (weapon)
Missiles
 i - 13 poisoned needles
 Q - 45 stones (quivered)
Armour
 g - a +0 chain mail (worn)
Scrolls
 b - 4 scrolls of teleportation {unknown}
 f - a scroll of remove curse {unknown}
 h - a scroll of amnesia {unknown}
 j - a scroll of magic mapping {unknown}
Potions
 k - a potion of haste {unknown}
 s - a potion of agility
Comestibles
 e - 2 rations


   Skills:
 * Level 3.3 Fighting
 * Level 2.9 Long Blades
 + Level 0.6 Armour
 + Level 2.8 Dodging
 - Level 1.7 Stealth


You had one spell level left.
You didn't know any spells.
Your spell library was empty.

Dungeon Overview and Level Annotations

Branches:
Dungeon (2/15)

Altars:


Innate Abilities, Weirdness & Mutations

You are partially covered in molten scales. (AC +2)


Message History

You take 1 damage, and have 8/24 hp.
You hit the orc wizard. You hit the orc wizard.
The orc wizard points at you and mumbles some strange words.
The magic dart hits you but does no damage.
You hit the orc wizard but do no damage.
The orc wizard gestures at you while chanting.
The puff of flame hits you.
* * * LOW HITPOINT WARNING * * *
The orc wizard hits you but does no damage.
You take 6 damage, and have 2/24 hp.
MASSIVE DAMAGE!!
It was a potion of agility.
You feel agile all of a sudden.
s - a potion of agility The orc wizard hits you but does no damage.
It was a potion of magic.
Magic courses through your body. The orc wizard casts a spell at you.
The puff of flame hits you.
You die...

...#.# #..#.
.(.. #(. #(#
#####†##
#o...o.#
#o####.##
#@###...#
#.##....#
#.##....#
#.##.#.##
#.....o#####
####.......#
#.......#
#.......#####
#............


You could see an orc wizard and an orc.

Levels and vault maps discovered:
D:1:      minmay_arrival_solitary_statue, layout_basic,
          chequers_decorated_corner
D:2:      layout_loops_cross

Notes
Turn   | Place    | Note
-------+----------+-------------------------------------------
     0 | D:1      | lepoulpe303 the Demonspawn Monk began the quest for the
                  | Orb.
     0 | D:1      | Reached XP level 1. HP: 18/18 MP: 1/1
     4 | D:1      | Identified a cursed -1 club
    61 | D:1      | Identified a +0 dagger
   265 | D:1      | Identified a +0 chain mail (You found it on level 1 of the
                  | Dungeon)
   347 | D:1      | Gained mutation: You are partially covered in molten
                  | scales. (AC +2) [demonic ancestry]
   347 | D:1      | Reached XP level 2. HP: 22/24 MP: 2/2
   653 | D:1      | Identified a +0 club
   802 | D:2      | Identified a +0 dagger
   802 | D:2      | Identified a +0 robe
   816 | D:2      | Identified a +0 club
   825 | D:2      | HP: 2/24 [orc wizard/puff of flame (6)]
   826 | D:2      | Identified 2 potions of agility
   827 | D:2      | Identified a potion of magic
   827 | D:2      | Killed from afar by an orc wizard

Table legend:
 A = Turns spent in this place as a percentage of turns spent in the entire game.
 B = Non-inter-level travel turns spent in this place as a percentage of non-inter-level travel turns spent in the entire game.
 C = Inter-level travel turns spent in this place as a percentage of turns spent in this place.
 D = Turns resting spent in this place as a percentage of non-inter-level travel turns spent in this place.
 E = Turns spent auto-exploring this place as a percentage of non-inter-level travel turns spent in this place.
 F = Non-inter-level travel turns spent in this place divided by the number of levels of this place that you've seen.
                   A       B       C       D       E      F
               +-------+-------+-------+-------+-------+----------------------
         Total | 100.0 | 100.0 |   2.5 |  16.5 |  63.5 | 403.0
       Dungeon | 100.0 | 100.0 |   2.5 |  16.5 |  63.5 | 403.0
               +-------+-------+-------+-------+-------+----------------------

Table legend:
 A = Kills in this place as a percentage of kills in entire the game.
 B = Kills by you in this place as a percentage of kills by you in the entire game.
 C = Kills by friends in this place as a percentage of kills by friends in the entire game.
 D = Other kills in this place as a percentage of other kills in the entire game.
 E = Experience gained in this place as a percentage of experience gained in the entire game.
 F = Experience gained in this place divided by the number of levels of this place that you have seen.
                   A       B       C       D       E      F
               +-------+-------+-------+-------+-------+----------------------
         Total | 100.0 | 100.0 |   N/A |   N/A | 100.0 |  11.5
       Dungeon | 100.0 | 100.0 |   N/A |   N/A | 100.0 |  11.5
               +-------+-------+-------+-------+-------+----------------------

Action                   || total
-------------------------++-------
Melee: Falchion          ||    74
Throw: Stone             ||    18
  Use: Potion            ||     2
Armor: Chain mail        ||    34
       Robe              ||     1
Dodge: Dodged            ||    27
       Rpst.: Falchion   ||     5

Vanquished Creatures
  2 giant cockroaches
  5 goblins (D:1)
  A hobgoblin (D:1)
  A kobold (D:1)
  2 ball pythons (D:1)
  2 frilled lizards (D:1)
  A rat (D:1)
14 creatures vanquished.
